 Dungeon Crawl Stone Soup version 0.28.0-47-ge53b351184 (webtiles) character file.

Game seed: 12336007103438498496

74 MrIGI the Magician (level 4, -4/30 HPs)
             Began as a Mummy Earth Elementalist on May 10, 2022.
             Slain by a gnoll
             ... wielding a +0 halberd
              (15 damage)
             ... on level 3 of the Dungeon.
             The game lasted 00:11:07 (3988 turns).

MrIGI the Magician (Mummy Earth Elementalist)       Turns: 3988, Time: 00:11:11

Health: -4/30      AC:  2    Str: 11    XL:     4   Next: 9%
Magic:  3/9        EV: 12    Int: 16    God:
Gold:   56         SH:  0    Dex: 12    Spells: 7/10 levels left

rFire   x . .      SeeInvis .   e - +0 spear
rCold   + . .      Faith    .   (no shield)
rNeg    + + +      Spirit   .   b - +0 robe
rPois   ∞          Reflect  .   (no helmet)
rElec   .          Harm     .   (no cloak)
rCorr   .          Rampage  .   (no gloves)
Will    .....                   (no boots)
Stlth   ++........              (no amulet)
HPRegen 0.10/turn               (no ring)
MPRegen 0.11/turn               (no ring)

@: no status effects
A: cold resistance 1, negative energy resistance 3, torment resistance 2, heat
vulnerability 1, no potions
a: no special abilities


You were on level 3 of the Dungeon.
You visited 1 branch of the dungeon, and saw 3 of its levels.

You collected 56 gold pieces.

Inventory:

Hand Weapons
 e - a +0 spear (weapon)
 f - a +0 short sword
Missiles
 c - 76 stones
Armour
 b - a +0 robe (worn)
Jewellery
 g - a +6 ring of strength
Scrolls
 a - 5 scrolls of identify {unknown}
 d - a scroll of summoning {unknown}
 h - a scroll of vulnerability {unknown}
 i - a scroll of magic mapping {unknown}
 j - a scroll of amnesia {unknown}


   Skills:
 - Level 0.2 Fighting
 - Level 0.2 Polearms
 + Level 1.8 Dodging
 + Level 1.9 Stealth
 - Level 0.3 Unarmed Combat
 * Level 3.6 Spellcasting
 + Level 0.7 Transmutations
 * Level 3.2 Earth Magic


You had 7 spell levels left.
You knew the following spells:

 Your Spells              Type           Power      Damage    Failure   Level
a - Sandblast             Erth           26%        2d8       4%          1
b - Passwall              Tmut/Erth      7%         N/A       12%         2

Your spell library contained the following spells:

 Spells                   Type           Power      Damage    Failure   Level
 Magic Dart               Conj           8%         1d3       19%         1
 Call Imp                 Summ           2%         N/A       26%         2
 Stone Arrow              Conj/Erth      16%        3d8       26%         3
 Frozen Ramparts          Ice            4%         1d2       47%         3
 Mephitic Cloud           Conj/Pois/Air  2%         N/A       47%         3
 Petrify                  Tmut/Erth      9%         N/A       61%         4
 Summon Ice Beast         Ice/Summ       2%         N/A       87%         4
 Irradiate                Conj/Tmut      2%         3d14      99%         5
 Dispersal                Tloc           1%         N/A       100%        6
 Disjunction              Tloc           1%         N/A       100%        8
 Ice Form                 Ice/Tmut       Unusable   N/A       N/A         4
 Blade Hands              Tmut           Unusable   N/A       N/A         5
 Dragon Form              Tmut           Unusable   N/A       N/A         7

Dungeon Overview and Level Annotations

Branches:
Dungeon (3/15)

Altars:


Innate Abilities, Weirdness & Mutations

You are immune to poison.
Your flesh is cold resistant. (rC+)
You are immune to negative energy. (rN+++)
You are immune to unholy pain and torment.
You are vulnerable to heat. (rF-)
You do not drink.


Message History

Aim: a gnoll, wielding a +0 halberd (moderately wounded, 82% to hit)
The blast of sand hits the gnoll!
The gnoll is almost dead.
The gnoll misses you.
Casting: Sandblast (safe; 4% risk of failure)
Confirm with . or Enter, or press ? or * to list all spells.
Aiming: Sandblast (safe; 4% risk of failure)
Press: ? - help, Shift-Dir - straight line, f/p - gnoll
Aim: a gnoll, wielding a +0 halberd (almost dead, 82% to hit)
The blast of sand misses the gnoll. x2
The gnoll hits you from afar with a +0 halberd!
Casting: Sandblast (safe; 4% risk of failure)
Confirm with . or Enter, or press ? or * to list all spells.
Aiming: Sandblast (safe; 4% risk of failure)
Press: ? - help, Shift-Dir - straight line, f/p - gnoll
Aim: a gnoll, wielding a +0 halberd (almost dead, 82% to hit)
The blast of sand misses the gnoll.
The blast of sand hits the gnoll.
The gnoll is heavily wounded.
The gnoll misses you.
Casting: Sandblast (safe; 4% risk of failure)
Confirm with . or Enter, or press ? or * to list all spells.
Aiming: Sandblast (safe; 4% risk of failure)
Press: ? - help, Shift-Dir - straight line, f/p - gnoll
Aim: a gnoll, wielding a +0 halberd (almost dead, 82% to hit)
The blast of sand hits the gnoll.
The gnoll is almost dead.
The gnoll hits you from afar with a +0 halberd!
Sorry, you're not good enough to have a special ability.
Casting: Sandblast (safe; 4% risk of failure)
Confirm with . or Enter, or press ? or * to list all spells.
Okay, then.
Casting: Sandblast (safe; 4% risk of failure)
Confirm with . or Enter, or press ? or * to list all spells.
Aiming: Passwall (safe; 12% risk of failure)
Press: ? - help, Dir - move target, p - gnoll You can't see that place. [the floor.]
The gnoll hits you from afar with a +0 halberd!
Ouch! That really hurt!
You die...

.# #....# .# ########.# ##
#........# # .# #........#
##.# .#
#........###########...#...
.#
#........#gg.gggg...g......
.#
##.......#g#########g#.....
.# #.......#.# ... ### .#
#.......#@# ..... .#
#.......#.# ...gg.. .#
#.......#.# ..gg... .#
#.......#.# .r..... .#
#.......#.# ....... .#
#.........# .# #.......###
.# ###.......# .#
#.'''''.#######


You could see 2 gnolls and a goblin.

Vanquished Creatures
  2 adders
  8 endoplasms
  3 giant cockroaches
  4 goblins
  9 hobgoblins
  2 jackals (D:3)
  3 kobolds
  A quokka (D:3)
  4 ball pythons
  4 bats
  3 frilled lizards (D:1)
  2 rats
45 creatures vanquished.

Vanquished Creatures (others)
  10 plants (D:1)
10 creatures vanquished.

Grand Total: 55 creatures vanquished

Notes
Turn   | Place    | Note
-------+----------+-------------------------------------------
     0 | D:1      | MrIGI the Mummy Earth Elementalist began the quest for the
                  | Orb.
     0 | D:1      | Reached XP level 1. HP: 13/13 MP: 4/4
   295 | D:1      | Reached XP level 2. HP: 2/19 MP: 1/5
  1413 | D:2      | Reached XP level 3. HP: 12/24 MP: 4/7
  3587 | D:3      | Found a faded altar of an unknown god.
  3600 | D:3      | Reached XP level 4. HP: 9/30 MP: 6/9
  3978 | D:3      | Learned a level 2 spell: Passwall
  3988 | D:3      | Slain by a gnoll

Illustrated notes

Levels and vault maps discovered:
D:1:      roderic_crop_circles_arrival_small, layout_rooms,
          amcnicky_mini_rare_corridor_liquid
D:2:      layout_basic
D:3:      layout_basic, hellmonk_ecumenical_altar_heavens_door

Skill      XL: |  1  2 |
---------------+-------+-----
Spellcasting   | 3 |  3.6
Earth Magic    | 3 |  3.2
Fighting       | |  0.2
Polearms       | |  0.2
Dodging        | |  1.8
Stealth        | |  1.9
Unarmed Combat | |  0.3
Transmutations | |  0.7

Action                   |  1- 3 |  4- 6 || total
-------------------------+-------+-------++-------
Melee: Unarmed           |    53 |       ||    53
       Spear             |   101 |     5 ||   106
       Punch             |     1 |       ||     1
 Cast: Sandblast         |    27 |     4 ||    31
       Passwall          |       |     1 ||     1
 Stab: Sleeping          |     5 |       ||     5
Armor: Robe              |    21 |       ||    21
Dodge: Dodged            |    96 |     4 ||   100
